AoeStats
← Chinese Trade Bot

Arabia

510385234Analyzed
2v2 RM · 17h ago on Sep 30, 2026· 80m 12s· 4 players
Game mode
Random Map
Map size
Medium (4 player)
Population
200
Speed
Normal
Resources
Standard
Victory
Conquest
Starting age
Dark Age
Ending age
Imperial Age
RankedLock teamsTeams togetherTeam positionsShared explorationLock speedFull tech treeHidden civsTurbo modeCheats
Victory
Defeat
🇦🇹 Persians · Austria
811
+15
🇦🇹 Italians · Austria
799
+15
🇫🇷 Burmese · France
788
-15
🇫🇷 Goths · France
787
-15
Feuille67
1:11 Loom
11:47 Feudal Age
19:58 Wheelbarrow
21:56 Town Watch
24:52 Castle Age
24:02 Forging
23:53 Scale Mail Armor
26:46 Squires
26:07 Pikeman
29:01 Hand Cart
29:00 Scale Barding Armor
29:18 Husbandry
28:39 Light Cavalry
29:50 Bloodlines
32:23 Town Patrol
38:55 Bloodlines
38:51 Stone Mining
38:54 Gold Mining
40:11 Iron Casting
48:36 Chain Barding Armor
56:41 Imperial Age
58:02 Howdah
60:21 Plate Barding Armor
60:47 Blast Furnace
60:13 Conscription
Ironeye28
1:02 Loom
11:30 Feudal Age
20:42 Town Watch
25:25 Castle Age
23:55 Double-Bit Axe
27:24 Wheelbarrow
26:56 Squires
27:10 Forging
27:02 Scale Mail Armor
28:53 Iron Casting
29:52 Pikeman
37:07 Anarchy
48:02 Chain Mail Armor
48:59 Hand Cart
48:29 Horse Collar
52:56 Imperial Age
53:47 Perfusion
56:42 Heavy Plow
58:58 Perfusion
63:02 Conscription
Aux Anschluss
13:18 Feudal Age
11:34 Loom
19:37 Castle Age
19:01 Double-Bit Axe
19:05 Horse Collar
21:44 Crossbowman
27:58 Padded Archer Armor
27:48 Fletching
34:15 Scale Barding Armor
34:22 Forging
34:23 Scale Mail Armor
34:56 Light Cavalry
35:49 Bloodlines
39:16 Imperial Age
48:07 Elite Genoese Crossbowman
56:59 Arbalester
57:45 Thumb Ring
71:12 Chain Barding Armor
70:48 Bodkin Arrow
72:11 Leather Archer Armor
77:50 Ring Archer Armor
Chinese Trade Bot
4:54 Loom
8:27 Feudal Age
13:00 Double-Bit Axe
13:30 Horse Collar
14:51 Scale Barding Armor
15:00 Forging
17:54 Bloodlines
18:02 Scale Barding Armor
23:18 Castle Age
21:33 Stone Mining
21:41 Gold Mining
25:03 Wheelbarrow
24:31 Husbandry
24:51 Bow Saw
24:42 Heavy Plow
25:50 Chain Barding Armor
31:10 Iron Casting
32:51 Fletching
33:02 Padded Archer Armor
33:56 Hand Cart
38:36 Imperial Age
37:05 Kamandaran
36:29 Crossbowman
37:14 Thumb Ring
39:19 Conscription
39:12 Citadels
39:25 Cavalier
42:10 Two-Man Saw
41:48 Gold Shaft Mining
41:52 Stone Shaft Mining
43:31 Plate Barding Armor
43:28 Savar
47:51 Blast Furnace
47:45 Bodkin Arrow
48:14 Ballistics
49:04 Chemistry
49:55 Sappers
51:01 Hoardings
51:06 Leather Archer Armor
56:26 Murder Holes
56:42 Masonry
56:23 Guard Tower
Connection lost

Rejoining the realm…

Still unreachable

The connection could not be restored.

Session expired

The server has moved on; the page needs a fresh start.